 Dungeon Crawl Stone Soup version 0.31-a0-876-gfe8ebadbca (webtiles) character file.

Game seed: 17008701620242096763

184 Pixllover the Digger (level 5, -1/28 HPs)
             Began as a Gargoyle Earth Elementalist on Oct 14, 2023.
             Slain by a hobgoblin (3 damage)
             ... led by Robin
             ... on level 4 of the Dungeon.
             The game lasted 00:07:50 (2604 turns).

Pixllover the Digger (Gargoyle Earth Elementalist)  Turns: 2604, Time: 00:07:51

Health: -1/28      AC: 10    Str: 11    XL:     5   Next: 64%
Magic:  2/10       EV: 12    Int: 18    God:
Gold:   81         SH:  0    Dex: 13    Spells: 10/11 levels left

rFire   . . .        k - +0 short sword (drain)
rCold   . . .        (no shield)
rNeg    + . .        h - +2 robe of Valiance {Dex+3}
rPois   ∞            j - +0 hat
rElec   +            (no cloak)
rCorr   .            (no gloves)
SInv    .            d - +1 pair of boots
Will    .....        (no amulet)
Stlth   ++           (no ring)
HPRegen 0.24/turn    (no ring)
MPRegen 0.12/turn

%: no passive effects
@: no status effects
A: sickness immunity, AC +4, negative energy resistance 1, electricity
resistance, torment resistance 1, petrification resistance
a: no special abilities


You were on level 4 of the Dungeon.
You visited 1 branch of the dungeon, and saw 4 of its levels.

You collected 103 gold pieces.
You spent 22 gold pieces at shops.

Inventory:

Hand Weapons
 k - a +0 short sword of draining (weapon)
Missiles
 p - 4 poisoned darts (quivered)
Armour
 d - a +1 pair of boots (worn)
 h - the +2 robe of Valiance (worn) {Dex+3}
   (You found it on level 2 of the Dungeon)

   Dex+3:     It affects your dexterity (+3).
 j - a +0 hat (worn)
Wands
 o - a wand of digging (2)
 q - a wand of quicksilver (5)
Scrolls
 a - a scroll of enchant armour {unknown}
 f - a scroll of amnesia {unknown}
 g - a scroll of enchant weapon {unknown}
 i - 4 scrolls of fear {unknown}
 l - 4 scrolls of teleportation {unknown}
 n - a scroll of torment {unknown}
Potions
 b - a potion of magic
 c - 3 potions of curing
 m - a potion of lignification {unknown}
 r - a potion of resistance {unknown}


   Skills:
 + Level 0.1 Fighting
 + Level 1.0 Short Blades
 + Level 1.7 Dodging
 + Level 2.4 Stealth
 + Level 3.5 Spellcasting
 + Level 0.7 Transmutations
 + Level 5.7 Earth Magic


You had 10 spell levels left.
You knew the following spells:

 Your Spells              Type           Power      Damage    Failure   Level
a - Sandblast             Erth           46%        2d11      1%          1

Your spell library contained the following spells:

 Spells                   Type           Power      Damage    Failure   Level
 Passwall                 Tmut/Erth      11%        N/A       6%          2
 Stone Arrow              Conj/Erth      26%        3d8       14%         3
 Ensorcelled Hibernation  Hex/Ice        6%         N/A       24%         2
 Petrify                  Tmut/Erth      14%        N/A       38%         4
 Swiftness                Air            3%         N/A       43%         3
 Brom's Barrelling Bould  Conj/Erth      13%        2d4       43%         4


Dungeon Overview and Level Annotations

Branches:
Dungeon (4/15)
 Temple: D:4-7

Altars:
Makhleb

Shops:
D:2 ?=(:

Annotations:
D:4 Ijyb, Robin


Innate Abilities, Weirdness & Mutations

You are immune to sickness and miasma.
Your stone body is resilient. (AC +4)
You are immune to poison.
You resist negative energy. (rN+)
You are resistant to electric shocks. (rElec)
You are resistant to unholy torment.
You are immune to petrification.


Message History

The air fills with toxic fumes!
As you read the scroll labelled FOIFFA YPEYKON, it crumbles to dust.
It was a scroll of poison.
Casting: Sandblast (safe; 1% risk of failure)
Confirm with . or Enter, or press ? or * to list all spells.
You don't have enough magic to cast this spell.
Unknown command.
A goblin comes into view. It is wielding a +0 club.
Casting: Sandblast (safe; 1% risk of failure)
Confirm with . or Enter, or press ? or * to list all spells.
You don't have enough magic to cast this spell.
Unknown command.
Robin roars a battlecry!
The goblin shouts!
You hear a shout!
A goblin and Ijyb come into view.
Ijyb is wielding a +0 dagger and carrying a wand of roots.
The goblin shouts!
The goblin moves out of view.
Found a stone staircase leading down.
Robin throws the goblin at you!
Ijyb shouts!
You hear a shout!
The goblin unwields a +0 dagger.
The goblin wields a +2 sling of freezing.
It is covered in frost.
The goblin shoots a sling bullet.
The sling bullet closely misses you.
The goblin no longer looks unusually strong.
The hobgoblin misses you.
The goblin shoots a sling bullet.
The sling bullet hits you.
* * * LOW HITPOINT WARNING * * *
The sling bullet freezes you.
* * * LOW HITPOINT WARNING * * *
The goblin shoots a sling bullet.
The sling bullet hits you.
* * * LOW HITPOINT WARNING * * *
The sling bullet freezes you.
* * * LOW HITPOINT WARNING * * *
The air fills with toxic fumes!
As you read the scroll of poison, it crumbles to dust.
The hobgoblin hits you but does no damage.
The hobgoblin hits you.
You die...

#........ #.
#..§§§§.. #.
#..§§§§.. . ##.
#.§§§§§....###..
#.gg§§§.........
#§§§§§§....#..#.
##§§§§§§....#.##.
##§§g§§§§... #..#†
####@gg§§§§§.. #.#.
#§§§g#####§#######...
#§§§§g)g.......).....
#§§§###g..g...##.....
##### #.g.....##....#
#...g...###...#
#..............
###########...< #####


You could see Ijyb, Robin (very drained), 2 hobgoblins and 3 goblins.

Vanquished Creatures
  A scorpion (D:3)
  Crazy Yiuf (D:3)
  An iguana (D:4)
  2 worms
  2 dart slugs
  2 orcs (D:2)
  7 ball pythons
  9 endoplasms
  A giant cockroach (D:1)
  4 goblins
  3 hobgoblins
  7 kobolds
  3 quokkas
  A bat (D:3)
  8 frilled lizards
  9 rats
61 creatures vanquished.

Notes
Turn   | Place    | Note
-------+----------+-------------------------------------------
     0 | D:1      | Pixllover the Gargoyle Earth Elementalist began the quest
                  | for the Orb.
     0 | D:1      | Reached XP level 1. HP: 10/10 MP: 3/3
   180 | D:1      | Reached skill level 4 in Earth Magic
   180 | D:1      | Reached XP level 2. HP: 13/15 MP: 0/5
   948 | D:2      | Reached XP level 3. HP: 19/19 MP: 2/6
   965 | D:2      | Identified the +2 robe of Valiance {Dex+3}
  1049 | D:2      | Found Lingu's Magic Scroll Shop.
  1053 | D:2      | Bought a scroll of identify for 22 gold pieces
  1141 | D:2      | Found Bibbirph's Jewellery Boutique.
  1304 | D:2      | Found Nik Edat's Weapon Boutique.
  1445 | D:2      | Found a faded altar of an unknown god.
  1554 | D:2      | Found Wauzug's Book Boutique.
  1835 | D:3      | Found a burning altar of Makhleb.
  1902 | D:3      | Noticed a scorpion
  1911 | D:3      | Killed a scorpion
  1912 | D:3      | Reached skill level 5 in Earth Magic
  1912 | D:3      | Reached XP level 4. HP: 17/24 MP: 2/8
  2153 | D:3      | Found a runed translucent door.
  2154 | D:3      | Noticed Crazy Yiuf
  2159 | D:3      | Killed Crazy Yiuf
  2160 | D:3      | Reached XP level 5. HP: 28/28 MP: 6/9
  2164 | D:3      | Identified the +2 hammer of Baptor {holy, rCorr Int-5
                  | Dex+4}
  2274 | D:3      | Reached skill level 1 in Short Blades
  2562 | D:4      | Noticed Robin
  2596 | D:4      | Noticed Ijyb
  2604 | D:4      | Slain by a hobgoblin

Illustrated notes

Levels and vault maps discovered:
D:1:      dpeg_arrival_round_b, layout_loops_cross, minmay_tree_intersection
D:2:      layout_basic, hellmonk_ecumenical_altar_defaced_shrine, serial_shops,
          nicolae_shop_getting_attention, shop, nicolae_shop_trees,
          nicolae_shop_statue_plus
D:3:      minmay_angry_zag, layout_rooms, mainiacjoe_overflow_boulevard,
          chequers_decorated_corner, uniq_crazy_yiuf_cottage
D:4:      layout_rooms, nicolae_overflow_hallway_of_the_gods,
          minmay_temple_entry_large_hall, uniq_sigmund, uniq_robin, uniq_ijyb

Skill      XL: |  1  2  3  4  5 |
---------------+----------------+-----
Earth Magic    | 4 5 |  5.7
Spellcasting   | 3 |  3.5
Short Blades   | 1 |  1.0
Fighting       | |  0.1
Dodging        | |  1.7
Stealth        | |  2.4
Transmutations | |  0.7

Action                     |  1- 3 |  4- 6 || total
---------------------------+-------+-------++-------
  Melee: Unarmed           |     1 |       ||     1
         Short sword       |     1 |    11 ||    12
   Cast: Sandblast         |    55 |    33 ||    88
    Use: Scroll            |     1 |     2 ||     3
 Armour: Robe              |     9 |    17 ||    26
  Dodge: Dodged            |     5 |    26 ||    31

Table legend: (Time is in decaauts)
 A = Elapsed time spent in this place.
 B = Non-inter-level travel time spent in this place.
 C = Inter-level travel time spent in this place.
 D = Time resting spent in this place.
 E = Time spent auto-exploring this place.
 F = Levels seen in this place.
 G = Mean time per level.
                   A        B        C        D        E       F      G
               +--------+--------+--------+--------+--------+-----+--------+
         Total |   2646 |   2561 |     85 |    200 |   1612 |   4 |  661.5 |
       Dungeon |   2646 |   2561 |     85 |    200 |   1612 |   4 |  661.5 |
               +--------+--------+--------+--------+--------+-----+--------+

Top non-repeatable levels by time:
     D:2: 922 daAuts
     D:1: 900 daAuts
     D:3: 742 daAuts
     D:4: 81 daAuts
